 Dungeon Crawl Stone Soup version 0.21.1-1-g345015f (webtiles) character file.

123 Iko the Shooter (level 4, 0/36 HPs)
             Began as a Minotaur Wanderer on May 8, 2018.
             Was an Initiate of Fedhas.
             Succumbed to a worker ant's poison
             ... on level 5 of the Dungeon.
             The game lasted 00:10:07 (869 turns).

Iko the Shooter (Minotaur Wanderer)                  Turns: 869, Time: 00:10:08

Health: 0/36       AC:  8    Str: 16    XL:     4   Next: 79%
Magic:  4/4        EV:  6    Int: 11    God:    Fedhas [......]
Gold:   62         SH:  0    Dex: 11    Spells: 3/5 levels left

rFire    . . .     SeeInvis .   d - +0 shortbow
rCold    . . .     Gourm    .   (shield currently unavailable)
rNeg     . . .     Faith    .   i - +0 chain mail
rPois    .         Spirit   .   (helmet unavailable)
rElec    .         Reflect  .   (no cloak)
rCorr    .         Harm     .   (no gloves)
MR       .....     Clarity  +   (no boots)
Stlth    ..........             (no amulet)
HPRegen  0.12/turn              (no ring)
MPRegen  0.09/turn              (no ring)

@: lethally poisoned (0 -> -10), very slightly contaminated
A: retaliatory headbutt, claws 1, horns 3, clarity, strong 1
a: Fungal Bloom, Renounce Religion


You were on level 5 of the Dungeon.
You worshipped Fedhas.
Fedhas was noncommittal.
You were not hungry.

You visited 1 branch of the dungeon, and saw 5 of its levels.

You collected 62 gold pieces.

Inventory:

Hand Weapons
 a - a +2 dagger
 d - a +0 shortbow (weapon)
Missiles
 e - 15 arrows (quivered)
Armour
 i - a +0 chain mail (worn)
Potions
 h - a potion of flight
Books
 c - the Compendium of the Birds

   Spells                             Type                      Level
   a - Shock                          Conjuration/Air              1
   b - Mephitic Cloud                 Conjuration/Poison/Air       3
 j - a book of Necromancy

   Spells                             Type                      Level
   a - Pain                           Necromancy                   1
   b - Animate Skeleton               Necromancy                   1
   c - Vampiric Draining              Necromancy                   3
   d - Regeneration                   Charms/Necromancy            3
   e - Animate Dead                   Necromancy                   4
   f - Borgnjor's Vile Clutch         Necromancy/Earth             5
Comestibles
 g - 5 rations


   Skills:
 + Level 2.3 Fighting
 + Level 5.2 Bows
 + Level 1.2 Dodging
 + Level 1.8 Stealth
 + Level 1.0 Spellcasting
 + Level 1.0 Necromancy
   Level 2.4 Earth Magic


You had 3 spell levels left.
You knew the following spells:

 Your Spells              Type           Power        Failure   Level  Hunger
a - Pain                  Necr           #...         99%         1    ##.....
b - Shock                 Conj/Air       #...         100%        1    ##.....


Dungeon Overview and Level Annotations

Branches:
Dungeon (5/15)
 Temple: D:4-7

Altars:
Fedhas

Shops:
D:5 }


Innate Abilities, Weirdness & Mutations

You reflexively headbutt those who attack you in melee.
You have a pair of large horns on your head.
You have sharp fingernails.
You possess an exceptional clarity of mind.
Your muscles are strong. (Str +2)


Message History

Firing (i - inventory):
e - 18 arrows (quivered)
Press: ? - help, Shift-Dir - straight line, f/p - crimson imp
Aim: a crimson imp You shoot an arrow.
The arrow misses the crimson imp.
* * * LOW HITPOINT WARNING * * *
You feel sick. The crimson imp barely misses you.
Firing (i - inventory):
e - 17 arrows (quivered)
Press: ? - help, Shift-Dir - straight line, f/p - crimson imp
Aim: a crimson imp You shoot an arrow.
The arrow misses the crimson imp.
* * * LOW HITPOINT WARNING * * *
You feel sick.
The crimson imp hits you but does no damage.
Firing (i - inventory):
e - 16 arrows (quivered)
Press: ? - help, Shift-Dir - straight line, f/p - crimson imp
Aim: a crimson imp You shoot an arrow.
The arrow hits the crimson imp!
The crimson imp is heavily wounded.
You die...
Fedhas appreciates your contribution to the ecosystem.

#<...###
#......# ######
#..>.#<# .....∩#
#....#...
.......####....#
###
.?......†......#
#####.........>#
#.#####.#### #.
#<..@# # ####5)#
##%# .# .. ...
##.# (#


You could see a crimson imp.

Vanquished Creatures
  A worker ant (D:5)
  2 adders
  3 gnolls (D:4)
  2 oozes
  2 worms
  A dart slug (D:2)
  A leopard gecko (D:3)
  4 giant cockroaches
  2 goblins
  4 hobgoblins (D:2)
  5 kobolds
  3 quokkas
  2 bats (D:2)
  3 frilled lizards (D:2)
  A rat (D:1)
36 creatures vanquished.

Notes
Turn   | Place    | Note
-------+----------+-------------------------------------------
     0 | D:1      | Iko the Minotaur Wanderer began the quest for the Orb.
     0 | D:1      | Iko set off with: a +2 dagger, a potion of heal wounds, the Compendium of the Birds, a +0 shortbow, 26 arrows, a +0 robe, a ration
     0 | D:1      | Reached XP level 1. HP: 14/14 MP: 1/1
   121 | D:1      | Gained mutation: You have a pair of large horns on your head. [potion of mutation]
   121 | D:1      | Gained mutation: Your muscles are strong. (Str +2) [potion of mutation]
   121 | D:1      | Gained mutation: You have sharp fingernails. [potion of mutation]
   121 | D:1      | Gained mutation: You possess an exceptional clarity of mind. [potion of mutation]
   278 | D:2      | Reached XP level 2. HP: 7/20 MP: 2/2
   288 | D:2      | Reached skill level 4 in Bows
   450 | D:2      | Reached XP level 3. HP: 15/26 MP: 3/3
   609 | D:3      | Learned a level 1 spell: Pain
   611 | D:3      | Learned a level 1 spell: Shock
   643 | D:3      | Found a blossoming altar of Fedhas.
   671 | D:3      | Became a worshipper of Fedhas Madash
   709 | D:4      | Reached skill level 1 in Dodging
   725 | D:4      | Reached skill level 5 in Bows
   725 | D:4      | Reached XP level 4. HP: 34/34 MP: 2/4
   737 | D:4      | Reached skill level 1 in Fighting
   796 | D:5      | Entered Level 5 of the Dungeon
   797 | D:5      | Found Aceus's Gadget Shop.
   868 | D:5      | HP: 1/36 [poisoned by a worker ant]
   869 | D:5      | Succumbed to a worker ant's poison

Skill      XL: |  1  2  3  4 |
---------------+-------------+-----
Bows           | 4 5 |  5.2
Dodging        | 1 |  1.2
Fighting       | 2 |  2.3
Stealth        | |  1.8
Spellcasting   | |  1.0
Necromancy     | |  1.0
Earth Magic    | |  2.4

Action                   |  1- 3 |  4- 6 || total
-------------------------+-------+-------++-------
Melee: Dagger            |    15 |     6 ||    21
       Headbutt          |     2 |     1 ||     3
 Fire: Shortbow          |    90 |    36 ||   126
  Use: Potion            |     4 |       ||     4
       Scroll            |     2 |       ||     2
Armor: Robe              |    21 |       ||    21
       Chain mail        |     6 |    20 ||    26
Dodge: Dodged            |    46 |    13 ||    59
